 Dungeon Crawl Stone Soup version 0.21.1-1-g345015f (webtiles) character file.

54 inc the Vexing (level 3, -8/14 HPs)
             Began as a Felid Enchanter on Feb 20, 2018.
             Killed by divine providence
             ... invoked by an orc priest
              (13 damage)
             ... on level 2 of the Dungeon.
             The game lasted 00:05:12 (2640 turns).

inc the Vexing (Felid Enchanter)                    Turns: 2640, Time: 00:05:13

Health: -8/14      AC:  1    Str:  4    XL:     3   Next: 66%
Magic:  5/7        EV: 18    Int: 17    God:
Gold:   113        SH:  0    Dex: 16    Spells: 0/6 levels left
                                        Lives:  0   Deaths: 0

rFire    . . .     SeeInvis +     - Unarmed
rCold    . . .     Gourm    .   (shield unavailable)
rNeg     . . .     Faith    .   (armour unavailable)
rPois    .         Spirit   .   (helmet unavailable)
rElec    .         Reflect  .   (cloak unavailable)
rCorr    .         Harm     .   (gloves unavailable)
MR       .....                  (boots unavailable)
Stlth    +++.......             (no amulet)
HPRegen  0.04/turn              (no ring)
MPRegen  0.10/turn              (no ring)

@: quick
A: very small, no armour, no weapons or thrown items, stealth, claws 1, fangs 3,
see invisible, carnivore, speed 1, shaggy fur 1, slow metabolism 1, sharp paws
a: no special abilities


You were on level 2 of the Dungeon.
You were full.

You visited 1 branch of the dungeon, and saw 2 of its levels.

You collected 113 gold pieces.

Inventory:

Scrolls
 c - 5 scrolls of teleportation {unknown}
 h - a scroll of identify {unknown}
 j - a scroll of enchant weapon {unknown}
Potions
 d - a potion of lignification {unknown}
 e - 2 potions of curing {unknown}
 f - a potion of ambrosia {unknown}
 g - a potion of heal wounds {unknown}
 i - a potion of berserk rage {unknown}
Books
 a - a book of Maledictions

   Spells                             Type                      Level
   a - Corona                         Hexes                        1
   b - Ensorcelled Hibernation        Hexes/Ice                    2
   c - Confuse                        Hexes                        3
   d - Tukima's Dance                 Hexes                        3
   e - Dazzling Spray                 Conjuration/Hexes            3
Comestibles
 b - 3 rations


   Skills:
 - Level 2.6 Dodging
 - Level 4.2 Stealth
 - Level 3.1 Unarmed Combat
 - Level 2.0 Spellcasting
 + Level 4.7 Hexes
 + Level 0.4 Ice Magic


You couldn't memorise any spells.
You knew the following spells:

 Your Spells              Type           Power        Failure   Level  Hunger
a - Corona                Hex            ###....      2%          1    #......
b - Ensorcelled Hibernat  Hex/Ice        ##....       10%         2    ###....
c - Confuse               Hex            ###.....     9%          3    ###....


Dungeon Overview and Level Annotations

Branches:
Dungeon (2/15)

Altars:
Nemelex Xobeh

Annotations:
D:1 1 runed door


Innate Abilities, Weirdness & Mutations

You cannot wear armour.
You are incapable of wielding weapons or throwing items.
Your paws allow you to move quietly. (Stealth)
You have sharp claws.
You have razor-sharp teeth.
You have supernaturally acute eyesight. (SInv)
You are carnivorous and can eat meat at any time.
You cover ground quickly.
You are covered in fur. (AC +1)
You have a slow metabolism.
Your sharp claws are effective at attacking unaware monsters.


Message History

An orc priest comes into view. It is wielding a flail.
Found 11 gold pieces.
The orc priest shouts!
The orc shouts! x3
The orc priest looks satisfied for a moment.
The orc priest looks satisfied for a moment.
Casting: Ensorcelled Hibernation
Confirm with . or Enter, or press ? or * to list all spells.
Aiming: Ensorcelled Hibernation
Press: ? - help, Shift-Dir - straight line, f - orc
Aim: an orc, wielding a dagger (chance to defeat MR: 59%)
The orc looks drowsy...
The helpless orc fails to defend itself.
You mangle the orc!!
You kill the orc!
The orc hits you with a flail!
Ouch! That really hurt!
The orc priest mumbles some strange prayers to Beogh against you.
Beogh smites you!
Ouch! That really hurt!
You die...

#(######.######.#.#
#.#......##.......#
#.#.#######.###.#.#
#.#.#### #.# #.#.#
#.#....# #.# #.#.#
#####....#..###.###.#.#
...#....###...........#
.#....#.##............#
#####.#.##.#....@..#..#
... .....J #...o)o.# .#
#########. #....o..#
..#.......# .#....o..#
#.......# #.......#
##.....## ##$⌠$##


You could see 2 orc priests and 2 orcs.

Vanquished Creatures
  An adder (D:2)
  2 dart slugs (D:1)
  4 leopard geckos
  An orc (D:2)
  4 giant cockroaches
  5 goblins
  4 hobgoblins (D:1)
  4 bats
  5 frilled lizards
  2 kobolds
  5 rats
37 creatures vanquished.

Notes
Turn   | Place    | Note
-------+----------+-------------------------------------------
     0 | D:1      | inc the Felid Enchanter began the quest for the Orb.
     0 | D:1      | Reached XP level 1. HP: 7/7 MP: 4/4
     1 | D:1      | Found a runed door.
   233 | D:1      | Reached XP level 2. HP: 10/11 MP: 6/6
   544 | D:1      | Found a sparkling altar of Nemelex Xobeh.
  1436 | D:1      | Reached XP level 3. HP: 9/14 MP: 7/7
  1686 | D:1      | Learned a level 2 spell: Ensorcelled Hibernation
  1738 | D:1      | Learned a level 3 spell: Confuse
  2640 | D:2      | Killed from afar by an orc priest

Skill      XL: |  1  2  3 |
---------------+----------+-----
Unarmed Combat | 2 3 |  3.1
Dodging        | |  2.6
Stealth        | |  4.2
Spellcasting   | |  2.0
Hexes          | |  4.7
Ice Magic      | |  0.4

Action                   || total
-------------------------++-------
Melee: Unarmed           ||   111
       Bite              ||     9
 Cast: Corona            ||    10
       Ensorcelled Hiber ||    15
 Stab: Sleeping          ||    15
  Eat: Chunk             ||     9
Armor: Skin              ||    10
Dodge: Dodged            ||   151
